ITL
AMARILLO ARCHDUKES @ ALLENTOWN HILLBILLIES
09/19/2026
 
TOP OF THE 1ST
Amarillo Archdukes batting - Pitching for Allentown Hillbillies : RHP Okura Oike
Pitching: RHP Okura Oike
Batting: RHB Gil Watcham 0-0: Called Strike
0-1: Swinging Strike
0-2: Strikes out swinging
Batting: RHB Nobuharu Hoshino 0-0: Foul Ball, location: 2F
0-1: Foul Ball, location: 2F
0-2: Ball
1-2: Strikes out swinging
Batting: LHB Jorge Martínez 0-0: Swinging Strike
0-1: Swinging Strike
0-2: Strikes out swinging
Top of the 1st over - 0 run(s), 0 hit(s), 0 error(s), 0 left on base; Amarillo 0 - Allentown 0
BOTTOM OF THE 1ST
Allentown Hillbillies batting - Pitching for Amarillo Archdukes : RHP José Abacil
Pitching: RHP José Abacil
Batting: LHB Miguel Colón 0-0: Called Strike
0-1: Ball
1-1: Called Strike
1-2: Ball
2-2: Foul Ball, location: 2F
2-2: Foul Ball, location: 2F
2-2: Ground out U3 (Groundball, 3S)
Batting: RHB Chad Huggins 0-0: Ground out 6-3 (Groundball, 6)
Batting: RHB Carl Brown 0-0: Called Strike
0-1: Ball
1-1: Swinging Strike
1-2: Ball
2-2: DOUBLE (Flyball, 78D)
Batting: RHB Wyatt McKinnon 0-0: Ball
1-0: Ball
2-0: Ball
3-0: Base on Balls
Batting: RHB Millard Stark 0-0: Called Strike
0-1: Swinging Strike
0-2: Ball
1-2: Fielders Choice at 2nd, 5-4 (Groundball, 5)
Bottom of the 1st over - 0 run(s), 1 hit(s), 0 error(s), 1 left on base; Amarillo 0 - Allentown 0
TOP OF THE 2ND
Amarillo Archdukes batting - Pitching for Allentown Hillbillies : RHP Okura Oike
Batting: RHB Eric Fuller 0-0: Ball
1-0: Ball
2-0: Called Strike
2-1: Ground out 4-3 (Groundball, 4)
Batting: LHB Michael Cook 0-0: Ground out 6-3 (Groundball, 6M)
Batting: SHB António De La Cruz 0-0: Called Strike
0-1: Swinging Strike
0-2: Ball
1-2: Ball
2-2: Ground out 4-3 (Groundball, 4M)
Top of the 2nd over - 0 run(s), 0 hit(s), 0 error(s), 0 left on base; Amarillo 0 - Allentown 0
BOTTOM OF THE 2ND
Allentown Hillbillies batting - Pitching for Amarillo Archdukes : RHP José Abacil
Batting: LHB Rafael Flores 0-0: Called Strike
0-1: Ground out 5-3 (Groundball, 5)
Batting: RHB Gustavo Ortíz 0-0: Called Strike
0-1: Ball
1-1: Ball
2-1: Swinging Strike
2-2: Foul Ball, location: 2F
2-2: Foul Ball, location: 2F
2-2: SINGLE (Groundball, 4)
Batting: RHB Jimmy Simon 0-0: Grounds into double play, 6-4-3 (Groundball, 56)
Bottom of the 2nd over - 0 run(s), 1 hit(s), 0 error(s), 0 left on base; Amarillo 0 - Allentown 0
TOP OF THE 3RD
Amarillo Archdukes batting - Pitching for Allentown Hillbillies : RHP Okura Oike
Batting: RHB Ronald Parsons 0-0: Called Strike
0-1: Swinging Strike
0-2: Ball
1-2: Foul Ball, location: 2F
1-2: Foul Ball, location: 2F
1-2: Ball
2-2: Foul Ball, location: 2F
2-2: Foul Ball, location: 2F
2-2: Ball
3-2: SINGLE (Groundball, 6MD)
Batting: RHB José Tamayo 0-0: Swinging Strike
0-1: Ball
1-1: Ball
2-1: Swinging Strike
2-2: Strikes out swinging
Batting: RHB Domingo Bueno 0-0: Called Strike
0-1: Ball
1-1: Ball
2-1: Grounds into double play, 6-4-3 (Groundball, 6MD)
Top of the 3rd over - 0 run(s), 1 hit(s), 0 error(s), 0 left on base; Amarillo 0 - Allentown 0
BOTTOM OF THE 3RD
Allentown Hillbillies batting - Pitching for Amarillo Archdukes : RHP José Abacil
Batting: RHB Joel Jackson 0-0: Ball
1-0: Called Strike
1-1: Foul Ball, location: 2F
1-2: Ball
2-2: Ball
3-2: Foul Ball, location: 2F
3-2: Ground out 6-3 (Groundball, 6MS)
Batting: LHB Miguel Colón 0-0: Called Strike
0-1: Ball
1-1: Foul Ball, location: 2F
1-2: Ball
2-2: Ball
3-2: Base on Balls
Batting: RHB Chad Huggins 0-0: Grounds into double play, 6-4-3 (Groundball, 6)
Bottom of the 3rd over - 0 run(s), 0 hit(s), 0 error(s), 0 left on base; Amarillo 0 - Allentown 0
TOP OF THE 4TH
Amarillo Archdukes batting - Pitching for Allentown Hillbillies : RHP Okura Oike
Batting: RHB Gil Watcham 0-0: Ball
1-0: Swinging Strike
1-1: Swinging Strike
1-2: Strikes out swinging
Batting: RHB Nobuharu Hoshino 0-0: Called Strike
0-1: Ball
1-1: Ball
2-1: DOUBLE (Line Drive, 9D)
Batting: LHB Jorge Martínez 0-0: Called Strike
0-1: 2-RUN HOME RUN (Flyball, 89XD), Distance : 412 ft
Batting: RHB Eric Fuller 0-0: Called Strike
0-1: Foul Ball, location: 2F
0-2: Ball
1-2: Ball
2-2: Ball
3-2: Base on Balls
Batting: LHB Michael Cook 0-0: Ball
Eric Fuller is caught stealing 2nd base
1-0: SINGLE (Groundball, 34D)
Batting: SHB António De La Cruz 0-0: Called Strike
0-1: Foul Ball, location: 2F
0-2: Ball
1-2: SINGLE (Line Drive, 8LS)
Michael Cook to second
Batting: RHB Ronald Parsons 0-0: Called Strike
0-1: Swinging Strike
0-2: Ball
1-2: Foul Ball, location: 2F
1-2: Foul Ball, location: 2F
1-2: Ball
2-2: Fly out, F8 (Popup, 8RS)
Top of the 4th over - 2 run(s), 4 hit(s), 0 error(s), 2 left on base; Amarillo 2 - Allentown 0
BOTTOM OF THE 4TH
Allentown Hillbillies batting - Pitching for Amarillo Archdukes : RHP José Abacil
Batting: RHB Carl Brown 0-0: Ball
1-0: Foul Ball, location: 2F
1-1: Ball
2-1: Called Strike
2-2: Ball
3-2: Strikes out swinging
Batting: RHB Wyatt McKinnon 0-0: Ball
1-0: Ball
2-0: Called Strike
2-1: Called Strike
2-2: Ground out 4-3 (Groundball, 4)
Batting: RHB Millard Stark 0-0: Ball
1-0: Swinging Strike
1-1: Called Strike
1-2: Strikes out swinging
Bottom of the 4th over - 0 run(s), 0 hit(s), 0 error(s), 0 left on base; Amarillo 2 - Allentown 0
TOP OF THE 5TH
Amarillo Archdukes batting - Pitching for Allentown Hillbillies : RHP Okura Oike
Batting: RHB José Tamayo 0-0: Called Strike
0-1: Called Strike
0-2: Ball
1-2: Strikes out swinging
Batting: RHB Domingo Bueno 0-0: Called Strike
0-1: Ball
1-1: Ball
2-1: Foul Ball, location: 2F
2-2: Ground out 5-3 (Groundball, 5)
Batting: RHB Gil Watcham 0-0: Called Strike
0-1: Called Strike
0-2: Ball
1-2: Ball
2-2: Strikes out swinging
Top of the 5th over - 0 run(s), 0 hit(s), 0 error(s), 0 left on base; Amarillo 2 - Allentown 0
BOTTOM OF THE 5TH
Allentown Hillbillies batting - Pitching for Amarillo Archdukes : RHP José Abacil
Batting: LHB Rafael Flores 0-0: Ground out 4-3 (Groundball, 34)
Batting: RHB Gustavo Ortíz 0-0: Ball
1-0: Called Strike
1-1: Ball
2-1: Ball
3-1: Called Strike
3-2: Ground out 5-3 (Groundball, 5S)
Batting: RHB Jimmy Simon 0-0: Ball
1-0: Foul Ball, location: 2F
1-1: Ball
2-1: SINGLE (Groundball, 6MD)
Batting: RHB Joel Jackson 0-0: Called Strike
0-1: Ball
1-1: Called Strike
1-2: Ball
2-2: Strikes out looking
Bottom of the 5th over - 0 run(s), 1 hit(s), 0 error(s), 1 left on base; Amarillo 2 - Allentown 0
TOP OF THE 6TH
Amarillo Archdukes batting - Pitching for Allentown Hillbillies : RHP Okura Oike
Pitching: LHP Nick Merrit
Batting: RHB Nobuharu Hoshino 0-0: Called Strike
0-1: Ball
1-1: Swinging Strike
1-2: Ball
2-2: SINGLE (Groundball, 4D)
Batting: LHB Jorge Martínez 0-0: Fly out, F7 (Line Drive, 7S)
Batting: RHB Eric Fuller 0-0: Ball
1-0: Called Strike
1-1: Foul Ball, location: 2F
1-2: Ball
2-2: Ground out 5-3 (Groundball, 56S)
Nobuharu Hoshino to second
Batting: LHB Michael Cook 0-0: Foul Ball, location: 2F
0-1: Ball
1-1: Swinging Strike
1-2: Ball
2-2: Foul Ball, location: 2F
2-2: Ball
3-2: Base on Balls
Batting: SHB António De La Cruz 0-0: Ball
1-0: Swinging Strike
1-1: Ball
2-1: Called Strike
2-2: Fly out, F8 (Flyball, 8LS)
Top of the 6th over - 0 run(s), 1 hit(s), 0 error(s), 2 left on base; Amarillo 2 - Allentown 0
BOTTOM OF THE 6TH
Allentown Hillbillies batting - Pitching for Amarillo Archdukes : RHP José Abacil
Batting: LHB Miguel Colón 0-0: Ball
1-0: Foul Ball, location: 2F
1-1: Foul Ball, location: 2F
1-2: Ball
2-2: Ball
3-2: DOUBLE (Line Drive, 7LM)
Batting: RHB Chad Huggins 0-0: Called Strike
Miguel Colón steals 3rd base
0-1: Ball
1-1: Hit by Pitch
Batting: RHB Carl Brown 0-0: Ball
1-0: Called Strike
1-1: Swinging Strike
1-2: Grounds into double play, 6-4-3 (Groundball, 6)
Miguel Colón scores
Batting: RHB Wyatt McKinnon 0-0: Called Strike
0-1: Ball
1-1: Swinging Strike
1-2: Ground out 3-1 (Groundball, 34)
Bottom of the 6th over - 1 run(s), 1 hit(s), 0 error(s), 0 left on base; Amarillo 2 - Allentown 1
TOP OF THE 7TH
Amarillo Archdukes batting - Pitching for Allentown Hillbillies : LHP Nick Merrit
Batting: RHB Ronald Parsons 0-0: Foul Ball, location: 2F
0-1: Called Strike
0-2: Strikes out swinging
Batting: RHB José Tamayo 0-0: Ball
1-0: Ground out U3 (Groundball, 3L)
Batting: RHB Domingo Bueno 0-0: Called Strike
0-1: Ball
1-1: Ball
2-1: Fly out, F8 (Flyball, 8LD)
Top of the 7th over - 0 run(s), 0 hit(s), 0 error(s), 0 left on base; Amarillo 2 - Allentown 1
BOTTOM OF THE 7TH
Allentown Hillbillies batting - Pitching for Amarillo Archdukes : RHP José Abacil
Pitching: RHP Artie Byrne
Batting: RHB Millard Stark 0-0: Foul Ball, location: 2F
0-1: SOLO HOME RUN (Flyball, 78XD), Distance : 394 ft
Batting: LHB Rafael Flores 0-0: Foul Ball, location: 2F
0-1: Foul Ball, location: 2F
0-2: Strikes out swinging
Pinch Hitting: LHB Marcos Vargas 0-0: Ball
1-0: Ball
2-0: Ball
3-0: Base on Balls
Batting: RHB Jimmy Simon 0-0: Called Strike
0-1: Ball
1-1: Foul Ball, location: 2F
1-2: Ball
2-2: Foul Ball, location: 2F
2-2: SINGLE (Groundball, 6MD)
Marcos Vargas to second
Batting: RHB Joel Jackson 0-0: Ball
Marcos Vargas is caught stealing 3rd base
Jimmy Simon to second
1-0: Called Strike
1-1: Ball
2-1: Ground out 4-3 (Groundball, 4)
Bottom of the 7th over - 1 run(s), 2 hit(s), 0 error(s), 1 left on base; Amarillo 2 - Allentown 2
TOP OF THE 8TH
Amarillo Archdukes batting - Pitching for Allentown Hillbillies : LHP Nick Merrit
Pitching: LHP Alejandro Castillo
Now at SS: Marcos Vargas
Batting: RHB Gil Watcham 0-0: Ball
1-0: Ball
2-0: Foul Ball, location: 2F
2-1: Ball
3-1: Base on Balls
Batting: RHB Nobuharu Hoshino 0-0: Ball
1-0: Bunted foul
1-1: Sac Bunt - play at first, batter OUT! 2-4
Gil Watcham to second
Batting: LHB Jorge Martínez 0-0: Ball
1-0: Foul Ball, location: 2F
1-1: Called Strike
1-2: Foul Ball, location: 2F
1-2: DOUBLE (Flyball, 8LXD)
Gil Watcham scores
Batting: RHB Eric Fuller 0-0: Ball
1-0: Ball
2-0: Ball
3-0: Called Strike
3-1: Base on Balls
Batting: LHB Michael Cook 0-0: Ball
1-0: Swinging Strike
1-1: Fielders Choice at 2nd, U4 (Groundball, 4M)
Jorge Martínez to third
Batting: SHB António De La Cruz 0-0: Ball
1-0: Ball
2-0: Ball
3-0: Called Strike
3-1: Called Strike
3-2: Foul Ball, location: 2F
3-2: Foul Ball, location: 2F
3-2: Ground out 5-3 (Groundball, 5S)
Top of the 8th over - 1 run(s), 1 hit(s), 0 error(s), 2 left on base; Amarillo 3 - Allentown 2
BOTTOM OF THE 8TH
Allentown Hillbillies batting - Pitching for Amarillo Archdukes : RHP Artie Byrne
Pitching: RHP Pedro Lara
Batting: LHB Miguel Colón 0-0: Called Strike
0-1: Ball
1-1: Ball
2-1: SINGLE (Popup, 78S)
Batting: RHB Chad Huggins 0-0: Sac Bunt - play at first, batter OUT! 5-4
Miguel Colón to second
Pinch Hitting: RHB Rubén Vázquez 0-0: Called Strike
0-1: Ball
1-1: Ball
2-1: Foul Ball, location: 2F
2-2: Ball
3-2: Foul Ball, location: 2F
3-2: Foul Ball, location: 2F
3-2: Base on Balls
Batting: RHB Wyatt McKinnon 0-0: Ball
1-0: Called Strike
1-1: Called Strike
1-2: Fielders Choice at 2nd, 6-4 (Groundball, 6)
Miguel Colón to third
Batting: RHB Millard Stark 0-0: Ball
1-0: Fly out, F7 (Line Drive, 7S)
Bottom of the 8th over - 0 run(s), 1 hit(s), 0 error(s), 2 left on base; Amarillo 3 - Allentown 2
TOP OF THE 9TH
Amarillo Archdukes batting - Pitching for Allentown Hillbillies : LHP Alejandro Castillo
Pitching: RHP Dale Downs
Now at 2B: Marc Cox
Batting: RHB Ronald Parsons 0-0: Ball
1-0: Foul Ball, location: 2F
1-1: Ball
2-1: Foul Ball, location: 2F
2-2: Strikes out swinging
Batting: RHB José Tamayo 0-0: Called Strike
0-1: Ground out 5-3 (Groundball, 5S)
Batting: RHB Domingo Bueno 0-0: Ball
1-0: Swinging Strike
1-1: Swinging Strike
1-2: Strikes out swinging
Top of the 9th over - 0 run(s), 0 hit(s), 0 error(s), 0 left on base; Amarillo 3 - Allentown 2
BOTTOM OF THE 9TH
Allentown Hillbillies batting - Pitching for Amarillo Archdukes : RHP Pedro Lara
Pitching: RHP Ignacio Beltrán
Batting: LHB Rafael Flores 0-0: Ball
1-0: Ball
2-0: Ball
3-0: Called Strike
3-1: Base on Balls
Batting: LHB Marcos Vargas 0-0: Bunt missed!
0-1: Ball
1-1: Sac Bunt - play at first, batter OUT! 1-4
Rafael Flores to second
Batting: RHB Jimmy Simon 0-0: Ball
1-0: Ball
2-0: Ball
3-0: Foul Ball, location: 2F
3-1: Base on Balls
Batting: RHB Joel Jackson 0-0: Ball
1-0: Ball
2-0: Ball
3-0: Base on Balls
Rafael Flores to third
Jimmy Simon to second
Batting: LHB Miguel Colón 0-0: Swinging Strike
0-1: Called Strike
0-2: Foul Ball, location: 2F
0-2: Ball
1-2: Ball
2-2: Strikes out swinging
Batting: RHB Chad Huggins 0-0: Called Strike
0-1: Swinging Strike
0-2: Foul Ball, location: 2F
0-2: Ball
1-2: Ball
2-2: Strikes out looking
Bottom of the 9th over - 0 run(s), 0 hit(s), 0 error(s), 3 left on base; Amarillo 3 - Allentown 2
Monday, December 5th, 2016 - OOTP Baseball 17.12 Build 75